AA NE
NEW HAMPSHIRE FISHER CATS @ BOWIE BAYSOX
05/25/2042
 
TOP OF THE 1ST
New Hampshire Fisher Cats batting - Pitching for Bowie Baysox : RHP Kevin Beach
Pitching: RHP Kevin Beach
Batting: RHB Chris Smith 0-0: Ball
1-0: Called Strike
1-1: Ball
2-1: Ball
3-1: Swinging Strike
3-2: Strikes out swinging
Batting: LHB Jim Ford 0-0: Ball
1-0: Ball
2-0: Called Strike
2-1: Ground out 4-3 (Groundball, 34, EV 82.5 MPH)
Batting: RHB Tony Blevins 0-0: Called Strike
0-1: Foul Ball, location: 9LDF
0-2: Foul Ball, location: 2F
0-2: Fly out, F9 (Line Drive, 89M, EV 96.9 MPH)
Top of the 1st over - 0 runs, 0 hits, 0 errors, 0 left on base; New Hampshire 0 - Bowie 0
BOTTOM OF THE 1ST
Bowie Baysox batting - Pitching for New Hampshire Fisher Cats : RHP Jim Cox
Pitching: RHP Jim Cox
Batting: RHB Doug Brown 0-0: Ball
1-0: Fly out, F7 (Flyball, 7S, EV 89.4 MPH)
Batting: RHB Micheal Stanford 0-0: Ground out 6-3 (Groundball, 6S, EV 68.1 MPH)
Batting: RHB Luis Antonio Baca 0-0: Ball
1-0: Fly out, F8 (Flyball, 8RM, EV 97.5 MPH)
Bottom of the 1st over - 0 runs, 0 hits, 0 errors, 0 left on base; New Hampshire 0 - Bowie 0
TOP OF THE 2ND
New Hampshire Fisher Cats batting - Pitching for Bowie Baysox : RHP Kevin Beach
Batting: RHB Jimmy Kirk 0-0: Called Strike
0-1: Ball
1-1: Foul Ball, location: 25F
1-2: Strikes out swinging
Batting: SHB Eustachio Tucci 0-0: Ball
1-0: Ball
2-0: Called Strike
2-1: Fly out, F6 (Popup, 6, EV 62.5 MPH)
Batting: RHB Raúl Ramírez 0-0: Ball
1-0: Ball
2-0: Called Strike
2-1: Swinging Strike
2-2: Ball
3-2: Strikes out looking
Top of the 2nd over - 0 runs, 0 hits, 0 errors, 0 left on base; New Hampshire 0 - Bowie 0
BOTTOM OF THE 2ND
Bowie Baysox batting - Pitching for New Hampshire Fisher Cats : RHP Jim Cox
Batting: LHB Ethan Wigton 0-0: Ball
1-0: Foul Ball, location: 7LDF
1-1: Ball
2-1: Ball
3-1: Base on Balls
Batting: LHB Edgardo Bello 0-0: Ball
1-0: Ball
2-0: Swinging Strike
2-1: Called Strike
2-2: Foul Ball, location: 7LDF
2-2: Strikes out swinging
Batting: RHB Raúl Quintero 0-0: Ball
1-0: Ball
2-0: Called Strike
2-1: Ball
3-1: DOUBLE (Line Drive, 8LXD, EV 110.0 MPH)
Ethan Wigton to third
Runner from 3rd tries for Home, SAFE, throw by CF to trailing runner, SAFE at third!
Batting: RHB Brad Johnson 0-0: Ball
1-0: Swinging Strike
1-1: Ground out 2-3 (Groundball, 2L, EV 68.8 MPH)
Batting: RHB Kevin Shepherd 0-0: Foul Ball, location: 3SF
0-1: Called Strike
0-2: Foul Ball, location: 2F
0-2: Ball
1-2: Foul Ball, location: 2F
1-2: Ball
2-2: Strikes out swinging
Bottom of the 2nd over - 1 run, 1 hit, 0 errors, 1 left on base; New Hampshire 0 - Bowie 1
TOP OF THE 3RD
New Hampshire Fisher Cats batting - Pitching for Bowie Baysox : RHP Kevin Beach
Batting: RHB Hisashi Taniguchi 0-0: Called Strike
0-1: Swinging Strike
0-2: Strikes out looking
Batting: RHB Luis Cuestas 0-0: Called Strike
0-1: Ball
1-1: Foul Ball, location: 3F
1-2: Ball
2-2: Strikes out looking
Batting: RHB Juan Vázquez 0-0: SOLO HOME RUN (Flyball, 89XD, EV 103.8 MPH), Distance : 399 ft
Batting: RHB Chris Smith 0-0: Foul Ball, location: 9LSF
0-1: Foul Ball, location: 2F
0-2: Strikes out swinging
Top of the 3rd over - 1 run, 1 hit, 0 errors, 0 left on base; New Hampshire 1 - Bowie 1
BOTTOM OF THE 3RD
Bowie Baysox batting - Pitching for New Hampshire Fisher Cats : RHP Jim Cox
Batting: RHB Ed Draper 0-0: Ground out 6-3 (Groundball, 6, EV 78.8 MPH)
Batting: RHB Doug Brown 0-0: Ball
1-0: Ball
2-0: Called Strike
2-1: Ground out 5-3 (Groundball, 56S, EV 93.8 MPH)
Batting: RHB Micheal Stanford 0-0: Ball
1-0: Ball
2-0: Called Strike
2-1: Foul Ball, location: 2F
2-2: Foul Ball, location: 2F
2-2: Fly out, F4 (Popup, 4, EV 57.5 MPH)
Bottom of the 3rd over - 0 runs, 0 hits, 0 errors, 0 left on base; New Hampshire 1 - Bowie 1
TOP OF THE 4TH
New Hampshire Fisher Cats batting - Pitching for Bowie Baysox : RHP Kevin Beach
Batting: LHB Jim Ford 0-0: Ball
1-0: Ball
2-0: Called Strike
2-1: Foul Ball, location: 2F
2-2: Strikes out swinging
Batting: RHB Tony Blevins 0-0: Ball
1-0: Ball
2-0: Ball
3-0: Called Strike
3-1: Base on Balls
Batting: RHB Jimmy Kirk 0-0: Called Strike
0-1: Fly out, F8 (Flyball, 8RXD, EV 91.3 MPH)
Batting: SHB Eustachio Tucci 0-0: Ball
1-0: Ball
2-0: Ball
3-0: Called Strike
3-1: Foul Ball, location: 5DF
3-2: Strikes out swinging
Top of the 4th over - 0 runs, 0 hits, 0 errors, 1 left on base; New Hampshire 1 - Bowie 1
BOTTOM OF THE 4TH
Bowie Baysox batting - Pitching for New Hampshire Fisher Cats : RHP Jim Cox
Pitching: RHP José Méndez
Batting: RHB Luis Antonio Baca 0-0: Ground out 4-3 (Groundball, 34, EV 93.8 MPH)
Batting: LHB Ethan Wigton 0-0: Foul Ball, location: 2F
0-1: Ball
1-1: Called Strike
1-2: Foul Ball, location: 23FF
1-2: Strikes out swinging
Batting: LHB Edgardo Bello 0-0: Foul Ball, location: 7LMF
0-1: Ball
1-1: Ball
2-1: Ground out 6-3 (Groundball, 6, EV 106.9 MPH)
Bottom of the 4th over - 0 runs, 0 hits, 0 errors, 0 left on base; New Hampshire 1 - Bowie 1
TOP OF THE 5TH
New Hampshire Fisher Cats batting - Pitching for Bowie Baysox : RHP Kevin Beach
Batting: RHB Raúl Ramírez 0-0: Called Strike
0-1: Ball
1-1: Called Strike
1-2: Strikes out swinging
Batting: RHB Hisashi Taniguchi 0-0: Called Strike
0-1: Ball
1-1: Foul Ball, location: 9LMF
1-2: Strikes out swinging
Batting: RHB Luis Cuestas 0-0: Called Strike
0-1: Ball
1-1: Ground out 4-3 (Groundball, 4D, EV 96.3 MPH)
Top of the 5th over - 0 runs, 0 hits, 0 errors, 0 left on base; New Hampshire 1 - Bowie 1
BOTTOM OF THE 5TH
Bowie Baysox batting - Pitching for New Hampshire Fisher Cats : RHP José Méndez
Batting: RHB Raúl Quintero 0-0: Ball
1-0: Foul Ball, location: 5F
1-1: Called Strike
1-2: TRIPLE (Line Drive, 78XD, EV 108.1 MPH)
Batting: RHB Brad Johnson 0-0: Called Strike
0-1: Swinging Strike
0-2: Ball
1-2: Foul Ball, location: 2F
1-2: Ball
2-2: Ground out 6-3 (Groundball, 6, EV 81.3 MPH)
Batting: RHB Kevin Shepherd 0-0: Fielders Choice at home, 6-2 (Groundball, 6, EV 110.0 MPH)
Batting: RHB Ed Draper 0-0: Ball
1-0: Fielders Choice at 2nd, 6-4 (Groundball, 6, EV 101.9 MPH)
Bottom of the 5th over - 0 runs, 1 hit, 0 errors, 1 left on base; New Hampshire 1 - Bowie 1
TOP OF THE 6TH
New Hampshire Fisher Cats batting - Pitching for Bowie Baysox : RHP Kevin Beach
Batting: RHB Juan Vázquez 0-0: Fly out, F7 (Flyball, 78S, EV 93.1 MPH)
Batting: RHB Chris Smith 0-0: Ball
1-0: Called Strike
1-1: Ball
2-1: Ground out 6-3 (Groundball, 6, EV 86.9 MPH)
Batting: LHB Jim Ford 0-0: Ground out 4-3 (Groundball, 4, EV 100.0 MPH)
Top of the 6th over - 0 runs, 0 hits, 0 errors, 0 left on base; New Hampshire 1 - Bowie 1
BOTTOM OF THE 6TH
Bowie Baysox batting - Pitching for New Hampshire Fisher Cats : RHP José Méndez
Batting: RHB Doug Brown 0-0: Ground out 6-3 (Groundball, 6M, EV 79.4 MPH)
Batting: RHB Micheal Stanford 0-0: Ball
1-0: Called Strike
1-1: Ball
2-1: Swinging Strike
2-2: Foul Ball, location: 9LSF
2-2: Foul Ball, location: 2F
2-2: Foul Ball, location: 3FF
2-2: Foul Ball, location: 25F
2-2: Foul Ball, location: 2F
2-2: Foul Ball, location: 2F
2-2: Ball
3-2: Foul Ball, location: 9LMF
3-2: Base on Balls
Batting: RHB Luis Antonio Baca 0-0: Called Strike
0-1: Ball
1-1: Grounds into double play, 5-4-3 (Groundball, 56, EV 95.6 MPH)
Bottom of the 6th over - 0 runs, 0 hits, 0 errors, 0 left on base; New Hampshire 1 - Bowie 1
TOP OF THE 7TH
New Hampshire Fisher Cats batting - Pitching for Bowie Baysox : RHP Kevin Beach
Batting: RHB Tony Blevins 0-0: Ball
1-0: Called Strike
1-1: Ball
2-1: Ball
3-1: SINGLE (Groundball, 34D, EV 103.8 MPH)
Batting: RHB Jimmy Kirk 0-0: Ball
1-0: Called Strike
1-1: Ball
2-1: Swinging Strike
2-2: Ball
3-2: Fly out, F8 (Line Drive, 8LD, EV 93.1 MPH)
Batting: SHB Eustachio Tucci 0-0: Ball
1-0: Foul Ball, location: 7LMF
1-1: Grounds into double play, 4-6-3 (Groundball, 4, EV 85.6 MPH)
Top of the 7th over - 0 runs, 1 hit, 0 errors, 0 left on base; New Hampshire 1 - Bowie 1
BOTTOM OF THE 7TH
Bowie Baysox batting - Pitching for New Hampshire Fisher Cats : RHP José Méndez
Batting: LHB Ethan Wigton 0-0: Called Strike
0-1: SINGLE (Groundball, P, EV 87.5 MPH) (infield hit)
Batting: LHB Edgardo Bello 0-0: Called Strike
0-1: Called Strike
0-2: Ball
1-2: Ball
2-2: Foul Ball, location: 5DF
2-2: Fly out, F5 (Popup, 5, EV 70.0 MPH)
Pinch Hitting: LHB Robby Bennett 0-0: Ball
1-0: Ball
2-0: Swinging Strike
Ethan Wigton is caught stealing 2nd base 2-6
2-1: Ball
3-1: Swinging Strike
3-2: Base on Balls
Batting: RHB Brad Johnson 0-0: Called Strike
0-1: Foul Ball, location: 25FF
0-2: Foul Ball, location: 7LMFF
0-2: Ball
1-2: SINGLE (Groundball, 4MD, EV 94.4 MPH)
Robby Bennett to second
Pinch Hitting: SHB Jeff Allen 0-0: Ball
1-0: Ball
2-0: TRIPLE (Flyball, 78XD, EV 92.5 MPH)
Robby Bennett scores
Brad Johnson scores
Batting: RHB Ed Draper 0-0: Ball
1-0: Ball
2-0: Ball
3-0: Foul Ball, location: 5FF
3-1: Swinging Strike
3-2: Foul Ball, location: 23F
3-2: Strikes out swinging
Bottom of the 7th over - 2 runs, 3 hits, 0 errors, 1 left on base; New Hampshire 1 - Bowie 3
TOP OF THE 8TH
New Hampshire Fisher Cats batting - Pitching for Bowie Baysox : RHP Kevin Beach
Now at SS: Julius Green
Now in RF: Wilson Medina
Batting: RHB Raúl Ramírez 0-0: Ball
1-0: Ball
2-0: Ball
3-0: Base on Balls
Pinch Hitting: LHB Ben Johnson 0-0: Ball
1-0: SINGLE (Line Drive, 4D, EV 100.6 MPH)
Raúl Ramírez to second
Pinch Hitting: RHB António Acosta 0-0: Ball
1-0: Sac Bunt to P - play at first, batter OUT! 1-3
Raúl Ramírez to third
Ben Johnson to second
Pinch Hitting: LHB Ben Browning 0-0: Swinging Strike
0-1: Ball
1-1: Called Strike
1-2: Foul Ball, location: 3F
1-2: Ball
2-2: Strikes out looking
Pitching: RHP Dan Faulkner
Batting: RHB Chris Smith 0-0: Ball
1-0: Ball
2-0: Ball
3-0: Base on Balls
Batting: LHB Jim Ford 0-0: Called Strike
0-1: Ball
1-1: Ball
2-1: Ball
3-1: Called Strike
3-2: GRAND SLAM HOME RUN (Flyball, 89XD, EV 103.8 MPH), Distance : 407 ft
Batting: RHB Tony Blevins 0-0: Swinging Strike
0-1: Ground out 6-3 (Groundball, 6, EV 82.5 MPH)
Top of the 8th over - 4 runs, 2 hits, 0 errors, 0 left on base; New Hampshire 5 - Bowie 3
BOTTOM OF THE 8TH
Bowie Baysox batting - Pitching for New Hampshire Fisher Cats : RHP José Méndez
Now at C: Arnaldo Rovigo
Now at 2B: Walt Ramsey
Now at SS: Pat Roberts
Now in LF: Bubba Larkin
Batting: RHB Doug Brown 0-0: Ball
1-0: Called Strike
1-1: Ball
2-1: Ball
3-1: Base on Balls
Pitching: RHP Rudy Brown
Batting: RHB Micheal Stanford 0-0: Ball
1-0: Ball
2-0: SINGLE (Line Drive, 7S, EV 98.8 MPH)
Doug Brown to second
Batting: RHB Luis Antonio Baca 0-0: Ball
1-0: SINGLE (Line Drive, 4M, EV 98.1 MPH)
Doug Brown to third
Micheal Stanford to second
Batting: LHB Ethan Wigton 0-0: Grounds into fielders choice 1-2 (Groundball, 13S, EV 63.1 MPH)
Micheal Stanford to third
Luis Antonio Baca to second
Batting: LHB Edgardo Bello 0-0: Ball
1-0: Foul Ball, location: 7LSF
1-1: Ball
2-1: SINGLE (Groundball, 34D, EV 95.6 MPH)
Micheal Stanford scores
Luis Antonio Baca to third
Ethan Wigton to second
Runner from 3rd tries for Home, SAFE, throw by RF to home
Batting: SHB Wilson Medina 0-0: Ball
1-0: Ground out 5-3 (Groundball, 5S, EV 81.3 MPH)
Ethan Wigton to third
Edgardo Bello to second
Pinch Hitting: SHB Joe Hardt 0-0: Called Strike
0-1: Ball
1-1: Foul Ball, location: 7LDF
1-2: Ball
2-2: Strikes out swinging
Bottom of the 8th over - 2 runs, 3 hits, 0 errors, 2 left on base; New Hampshire 5 - Bowie 5
TOP OF THE 9TH
New Hampshire Fisher Cats batting - Pitching for Bowie Baysox : RHP Dan Faulkner
Now at 3B: Kip Nall
Batting: RHB Jimmy Kirk 0-0: Ball
1-0: Ball
2-0: Ball
3-0: Called Strike
3-1: Base on Balls
Batting: SHB Eustachio Tucci 0-0: Called Strike
Jimmy Kirk steals 2nd base
0-1: Ball
1-1: Intentional Walk
Batting: RHB Raúl Ramírez 0-0: Called Strike
0-1: Sac Bunt to 23 - play at first, batter OUT! 3-4
Jimmy Kirk to third
Eustachio Tucci to second
Pinch Hitting: LHB Dan Aldridge 0-0: Intentional Walk
Batting: LHB Walt Ramsey 0-0: Swinging Strike
0-1: Ball
1-1: Called Strike
1-2: Foul Ball, location: 2F
1-2: Ball
2-2: Strikes out swinging
Batting: RHB Pat Roberts 0-0: Ground out 4-3 (Groundball, 4, EV 77.5 MPH)
Top of the 9th over - 0 runs, 0 hits, 0 errors, 3 left on base; New Hampshire 5 - Bowie 5
BOTTOM OF THE 9TH
Bowie Baysox batting - Pitching for New Hampshire Fisher Cats : RHP Rudy Brown
Now at C: Doug Miller
Batting: RHB Julius Green 0-0: Ball
1-0: Ball
2-0: Ball
3-0: Base on Balls
Batting: RHB Ed Draper 0-0: Called Strike
0-1: Bunted foul
0-2: Foul Ball, location: 2F
0-2: Ball
1-2: Fly out, F8 (Flyball, 89M, EV 97.5 MPH)
Batting: RHB Doug Brown 0-0: Ball
1-0: Called Strike
1-1: Ball
2-1: Called Strike
2-2: Strikes out swinging
Batting: RHB Micheal Stanford 0-0: Foul Ball, location: 5SF
0-1: Ground out 5-3 (Groundball, 56, EV 101.9 MPH)
Bottom of the 9th over - 0 runs, 0 hits, 0 errors, 1 left on base; New Hampshire 5 - Bowie 5
TOP OF THE 10TH
New Hampshire Fisher Cats batting - Pitching for Bowie Baysox : RHP Dan Faulkner
Pitching: RHP Luis López
Batting: RHB Chris Smith 0-0: Fly out, F8 (Flyball, 8RD, EV 101.9 MPH)
Batting: LHB Jim Ford 0-0: Called Strike
0-1: Ball
1-1: Foul Ball, location: 5FF
1-2: Fly out, F9 (Flyball, 9LSF, EV 95.0 MPH)
Batting: LHB Bubba Larkin 0-0: Called Strike
0-1: SINGLE (Groundball, 6, EV 86.3 MPH) (infield hit)
Batting: RHB Jimmy Kirk 0-0: Ball
1-0: Fly out, F7 (Flyball, 7, EV 88.1 MPH)
Top of the 10th over - 0 runs, 1 hit, 0 errors, 1 left on base; New Hampshire 5 - Bowie 5
BOTTOM OF THE 10TH
Bowie Baysox batting - Pitching for New Hampshire Fisher Cats : RHP Rudy Brown
Batting: RHB Luis Antonio Baca 0-0: Ground out 5-3 (Groundball, 5L, EV 91.3 MPH)
Batting: LHB Ethan Wigton 0-0: Ball
1-0: Called Strike
1-1: SINGLE (Line Drive, 34D, EV 104.4 MPH)
Batting: LHB Edgardo Bello 0-0: Called Strike
0-1: SINGLE (Line Drive, 56D, EV 97.5 MPH)
Ethan Wigton to second
Batting: SHB Wilson Medina 0-0: Fielders Choice at 2nd, 4-6 (Groundball, 34, EV 86.3 MPH)
Ethan Wigton to third
Batting: RHB Kip Nall 0-0: Ball
1-0: Foul Ball, location: 2F
1-1: Ball
2-1: Swinging Strike
2-2: Strikes out looking
Bottom of the 10th over - 0 runs, 2 hits, 0 errors, 2 left on base; New Hampshire 5 - Bowie 5
TOP OF THE 11TH
New Hampshire Fisher Cats batting - Pitching for Bowie Baysox : RHP Luis López
Batting: SHB Eustachio Tucci 0-0: Swinging Strike
0-1: Foul Ball, location: 25F
0-2: Foul Ball, location: 7LSF
0-2: Foul Ball, location: 2F
0-2: Ball
1-2: Fly out, F6 (Popup, 6MS, EV 80.6 MPH)
Batting: RHB Raúl Ramírez 0-0: Ball
1-0: Foul Ball, location: 3FF
1-1: Ball
2-1: Ball
3-1: Foul Ball, location: 3F
3-2: Ground out 6-3 (Groundball, 56D, EV 107.5 MPH)
Batting: RHB Doug Miller 0-0: Foul Ball, location: 3DF
0-1: Called Strike
0-2: Strikes out swinging
Top of the 11th over - 0 runs, 0 hits, 0 errors, 0 left on base; New Hampshire 5 - Bowie 5
BOTTOM OF THE 11TH
Bowie Baysox batting - Pitching for New Hampshire Fisher Cats : RHP Rudy Brown
Batting: RHB Julius Green 0-0: Called Strike
0-1: Ball
1-1: Foul Ball, location: 3DF
1-2: Strikes out swinging
Pinch Hitting: RHB Chad Morris 0-0: Ball
1-0: Ball
2-0: Foul Ball, location: 2F
2-1: Fly out, F7 (Flyball, 78D, EV 103.1 MPH)
Batting: RHB Doug Brown 0-0: Ground out 5-3 (Groundball, 56, EV 106.3 MPH)
Bottom of the 11th over - 0 runs, 0 hits, 0 errors, 0 left on base; New Hampshire 5 - Bowie 5
TOP OF THE 12TH
New Hampshire Fisher Cats batting - Pitching for Bowie Baysox : RHP Luis López
Now at C: Al Burns
Batting: LHB Walt Ramsey 0-0: Called Strike
0-1: Foul Ball, location: 2F
0-2: Ball
1-2: Ball
2-2: Ball
3-2: Foul Ball, location: 5F
3-2: SINGLE (Groundball, 25, EV 64.4 MPH) (infield hit)
Batting: RHB Pat Roberts 0-0: Sac Bunt to 3S - play at first, batter OUT! 3-1
Walt Ramsey to second
Batting: RHB Chris Smith 0-0: SINGLE (Groundball, 6M, EV 94.4 MPH)
Walt Ramsey to third
Runner from 3rd tries for Home, SAFE, throw by CF to home
Chris Smith to second
Batting: LHB Jim Ford 0-0: Intentional Walk
Batting: LHB Bubba Larkin 0-0: Fielders Choice at 2nd, 4-6 (Groundball, 4, EV 81.9 MPH)
Chris Smith to third
Pitching: RHP Eric Nelson
Batting: RHB Jimmy Kirk 0-0: Ball
1-0: Called Strike
Bubba Larkin is caught stealing 2nd base 2-4
Top of the 12th over - 1 run, 2 hits, 0 errors, 1 left on base; New Hampshire 6 - Bowie 5
BOTTOM OF THE 12TH
Bowie Baysox batting - Pitching for New Hampshire Fisher Cats : RHP Rudy Brown
Batting: RHB Micheal Stanford 0-0: Ball
1-0: Foul Ball, location: 2F
1-1: Foul Ball, location: 2F
1-2: Strikes out swinging
Batting: RHB Luis Antonio Baca 0-0: Called Strike
0-1: Ball
1-1: Ground out 2-3 (Groundball, 2L, EV 68.8 MPH)
Batting: LHB Ethan Wigton 0-0: Ball
1-0: Foul Ball, location: 23F
1-1: Ball
2-1: Ball
3-1: Base on Balls
Pitching: RHP Juan Jose Cedeño
Batting: LHB Edgardo Bello 0-0: Called Strike
0-1: Called Strike
0-2: Foul Ball, location: 23F
0-2: Ball
1-2: Foul Ball, location: 2F
1-2: Fly out, F9 (Flyball, 9, EV 94.4 MPH)
Bottom of the 12th over - 0 runs, 0 hits, 0 errors, 1 left on base; New Hampshire 6 - Bowie 5
Wednesday, May 1st , 2024 - OOTP Baseball 24.10 Build 82